 Dungeon Sprint DCSS version 0.21.1-1-g345015f (webtiles) character file.

172 wilfster70 the Covered (level 5, -26/54 HPs)
             Began as a Gargoyle Earth Elementalist on June 6, 2018.
             Was an Initiate of Vehumet.
             Annihilated by a two-headed ogre
             ... wielding a +0 giant club
              (28 damage)
             ... in the Dungeon (Sprint IX: "|||||||||||||||||||||||||||||").
             The game lasted 00:02:52 (370 turns).

wilfster70 the Covered (Gargoyle Earth Elementalist) Turns: 370, Time: 00:02:53

Health: -26/54     AC:  6    Str: 16    XL:     5   Next: 52%
Magic:  8/8        EV: 15    Int: 20    God:    Vehumet [......]
Gold:   0          SH:  0    Dex: 10    Spells: 4/8 levels left

rFire    . . .     SeeInvis .   a - +4 quarterstaff (speed)
rCold    . . .     Gourm    .   (shield currently unavailable)
rNeg     + . .     Faith    .   c - +0 robe
rPois    ∞         Spirit   .   (no helmet)
rElec    +         Reflect  .   (no cloak)
rCorr    .         Harm     .   (no gloves)
MR       .....     NoTele   +   (no boots)
Stlth    ..........             (no amulet)
HPRegen  0.18/turn              t - +3 ring of intelligence
MPRegen  0.11/turn              v - +2 ring of evasion

@: berserking, very quick
A: negative energy resistance 1, electricity resistance, unbreathing,
petrification resistance, rot immunity, AC +4
a: Renounce Religion


You were in the Dungeon.
You worshipped Vehumet.
Vehumet was noncommittal.
You were not hungry.

You visited 1 branch

Inventory:

Hand Weapons
 a - a +4 quarterstaff of speed (weapon)
 b - a +2 dire flail of venom
Missiles
 l - 22 stones (quivered)
Armour
 c - a +0 robe (worn)
 q - a +0 cloak
 r - a +0 helmet
Magical Staves
 s - an uncursed staff of energy
Jewellery
 t - a +3 ring of intelligence (left hand)
 v - a +2 ring of evasion (right hand)
Wands
 p - a wand of acid (10)
Scrolls
 j - 2 scrolls of blinking
 n - 3 scrolls of remove curse
 o - 2 scrolls of amnesia
Potions
 e - 5 potions of curing
 f - 2 potions of heal wounds
 g - a potion of haste
 h - 4 potions of magic
 m - a potion of invisibility
Books
 k - a book of Geomancy

   Spells                             Type                      Level
   a - Sandblast                      Earth                        1
   b - Passwall                       Transmutation/Earth          2
   c - Stone Arrow                    Conjuration/Earth            3
   d - Petrify                        Transmutation/Earth          4
   e - Lee's Rapid Deconstruction     Earth                        5
Comestibles
 d - a ration


   Skills:
 + Level 5.8 Fighting
 * Level 4.8 Staves
 + Level 5.8 Armour
 + Level 4.8 Dodging
 - Level 2.1 Stealth
 - Level 2.0 Spellcasting
   Level 0.7 Transmutations
 - Level 3.6 Earth Magic


You had 4 spell levels left.
You knew the following spells:

 Your Spells              Type           Power        Failure   Level  Hunger
a - Sandblast             Erth           ###...       3%          1    #......
b - Stone Arrow           Conj/Erth      #.....       22%         3    ###....


Dungeon Overview and Level Annotations

Branches:
Dungeon (1/1)

Altars:
Cheibriados
Dithmenos
Elyvilon
Fedhas
Gozag
Hepliaklqana
Kikubaaqudgha
Makhleb
Nemelex Xobeh
Okawaru
Qazlal
Ru
Sif Muna
Trog
Uskayaw
Vehumet
Wu Jian
Xom
Yredelemnul
Zin
The Shining One
Beogh
Jiyva
Lugonu


Innate Abilities, Weirdness & Mutations

You are resistant to torment.
Your stone body is resilient. (AC +4)
You are immune to poison.
You resist negative energy. (rN+)
You are resistant to electric shocks. (rElec)
You can survive without breathing.
You are immune to petrification.
You are immune to rotting.


Message History

You resist.
You sock something! You bludgeon something!! Vehumet accepts your kill.
Reactivating autopickup.
Your Fighting skill increases to level 5!
Your Staves skill gained 2 levels and is now at level 4!
Your Armour skill increases to level 5!
You have reached level 5!
You feel a bit more experienced.
You sock the two-headed ogre!
The two-headed ogre is moderately wounded.
You thump the two-headed ogre!
The two-headed ogre is heavily wounded.
The gnoll sergeant hits you from afar with a spear of venom.
The two-headed ogre hits you with a giant club!!
* * * LOW HITPOINT WARNING * * *
The two-headed ogre hits you with a giant spiked club!!
Ouch! That really hurt!
You die...

▓.▓
▓.▓
▓.▓
▓)▓
▓.▓
▓.▓
▓[▓
▓)▓
▓@▓
▓O▓
▓g▓
▓o▓
▓.▓
▓l▓
▓.▓
▓.▓


You could see a two-headed ogre, a gnoll sergeant, an orc and a leopard gecko.

Vanquished Creatures
  A sky beast (D)
  A howler monkey (D)
  An orc wizard (D)
  An adder (D)
  2 dart slugs (D)
  A goblin (D)
  2 frilled lizards (D)
  2 kobolds (D)
  A quokka zombie (D)
12 creatures vanquished.

Vanquished Creatures (others)
  2 spatial maelstroms (D)
2 creatures vanquished.

Grand Total: 14 creatures vanquished

Notes
Turn   | Place    | Note
-------+----------+-------------------------------------------
     0 | D        | wilfster70 the Gargoyle Earth Elementalist began the quest for the Orb.
     0 | D        | Reached XP level 1. HP: 10/10 MP: 3/3
     4 | D        | Reached skill level 1 in Fighting
     4 | D        | Reached skill level 1 in Armour
    11 | D        | Reached XP level 2. HP: 14/17 MP: 0/5
    12 | D        | Banished a spatial maelstrom
    20 | D        | Banished a spatial maelstrom
   102 | D        | Noticed a howler monkey
   126 | D        | Killed a howler monkey
   126 | D        | Reached XP level 3. HP: 12/24 MP: 0/6
   273 | D        | Found a roughly hewn altar of Beogh.
   273 | D        | Found a snail-covered altar of Cheibriados.
   273 | D        | Found a shadowy altar of Dithmenos.
   273 | D        | Found a white marble altar of Elyvilon.
   273 | D        | Found a blossoming altar of Fedhas.
   273 | D        | Found an opulent altar of Gozag.
   274 | D        | Found a hazy altar of Hepliaklqana.
   275 | D        | Found a viscous altar of Jiyva.
   276 | D        | Found an ancient bone altar of Kikubaaqudgha.
   277 | D        | Found a corrupted altar of Lugonu.
   278 | D        | Found a burning altar of Makhleb.
   279 | D        | Found a sparkling altar of Nemelex Xobeh.
   280 | D        | Found an iron altar of Okawaru.
   281 | D        | Found a stormy altar of Qazlal.
   282 | D        | Found a sacrificial altar of Ru.
   283 | D        | Found a deep blue altar of Sif Muna.
   284 | D        | Found a bloodstained altar of Trog.
   285 | D        | Found a hide-covered altar of Uskayaw.
   286 | D        | Found a radiant altar of Vehumet.
   287 | D        | Found an ornate altar of the Wu Jian Council.
   288 | D        | Found a shimmering altar of Xom.
   289 | D        | Found a basalt altar of Yredelemnul.
   290 | D        | Found a glowing silver altar of Zin.
   291 | D        | Found a glowing golden altar of the Shining One.
   294 | D        | Became a worshipper of Vehumet
   342 | D        | Learned a level 3 spell: Stone Arrow
   342 | D        | Noticed a sky beast
   342 | D        | Noticed a gnoll sergeant
   342 | D        | Noticed a two-headed ogre
   363 | D        | Reached XP level 4. HP: 26/30 MP: 7/7
   368 | D        | Killed a sky beast
   368 | D        | Reached skill level 5 in Fighting
   368 | D        | Reached skill level 5 in Armour
   368 | D        | Reached XP level 5. HP: 27/36 MP: 8/8
   370 | D        | HP: 2/54 [two-headed ogre/giant club (21)]
   370 | D        | Annihilated by a two-headed ogre

Skill      XL: |  1  2  3  4 |
---------------+-------------+-----
Fighting       | 2 4 5 |  5.8
Armour         | 2 4 5 |  5.8
Dodging        | 2 3 4 |  4.8
Staves         | 2 4 |  4.8
Stealth        | |  2.1
Spellcasting   | |  2.0
Transmutations | |  0.7
Earth Magic    | |  3.6

Action                   |  1- 3 |  4- 6 || total
-------------------------+-------+-------++-------
Melee: Unarmed           |    20 |       ||    20
       Short sword       |    18 |       ||    18
       Quarterstaff      |    19 |     7 ||    26
 Cast: Sandblast         |     8 |       ||     8
  Use: Potion            |     2 |       ||     2
Armor: Robe              |    26 |     1 ||    27
Dodge: Dodged            |    21 |       ||    21
